 Dungeon Crawl Stone Soup version 0.23-b1-6-ga921848 (webtiles) character file.

Game seed: 10952377201852082976

37 loki93 the Ducker (level 3, 0/17 HPs)
             Began as a Felid Berserker on Feb 2, 2019.
             Was a Believer of Trog.
             Slain by a goblin (5 damage)
             ... led by Robin
             ... on level 2 of the Dungeon.
             The game lasted 00:05:56 (1031 turns).

loki93 the Ducker (Felid Berserker)                 Turns: 1031, Time: 00:05:57

Health: 0/17       AC:  1    Str: 13    XL:     3   Next: 23%
Magic:  4/4        EV: 20    Int:  8    God:    Trog [**....]
Gold:   60         SH:  0    Dex: 16    Spells: 2/2 levels left
                                        Lives:  0   Deaths: 0

rFire    . . .     SeeInvis +     - Unarmed
rCold    . . .     Gourm    .   (shield unavailable)
rNeg     . . .     Faith    .   (armour unavailable)
rPois    .         Spirit   .   (helmet unavailable)
rElec    .         Reflect  .   (cloak unavailable)
rCorr    .         Harm     .   (gloves unavailable)
MR       .....                  (boots unavailable)
Stlth    ++........             (no amulet)
HPRegen  0.05/turn              (no ring)
MPRegen  0.09/turn              (no ring)

@: berserk cooldown, slowed, slow
A: very small, no armour, no weapons or thrown items, stealth, claws 1, fangs 3,
see invisible, carnivore, speed 1, shaggy fur 1, slow metabolism 1, sharp paws
a: Berserk, Trog's Hand, Renounce Religion


You were on level 2 of the Dungeon.
You worshipped Trog.
Trog was pleased with you.
You were very full.

You visited 1 branch of the dungeon, and saw 2 of its levels.

You collected 60 gold pieces.

Inventory:

Scrolls
 b - 2 scrolls of remove curse
 d - a scroll of teleportation {unknown}
Potions
 e - a potion of curing {unknown}
 f - a potion of degeneration {unknown}
Comestibles
 a - 3 rations
 c - a chunk of flesh


   Skills:
 + Level 3.3 Fighting
 * Level 4.5 Dodging
 * Level 0.9 Stealth
 + Level 3.6 Unarmed Combat


You had 2 spell levels left.
You didn't know any spells.
Your spell library was empty.

Dungeon Overview and Level Annotations

Branches:
Dungeon (2/15)

Altars:

Annotations:
D:2 Robin


Innate Abilities, Weirdness & Mutations

You cannot wear armour.
You are incapable of wielding weapons or throwing items.
Your paws allow you to move quietly. (Stealth)
You have sharp claws.
You have razor-sharp teeth.
You have supernaturally acute eyesight. (SInv)
You are carnivorous and can eat meat at any time.
You cover ground quickly.
You are covered in fur. (AC +1)
You have a slow metabolism.
Your sharp claws are effective at attacking unaware monsters.


Message History

You are exhausted.
You feel yourself slow down. Robin throws the goblin at you!
* * * LOW HITPOINT WARNING * * *
The goblin barely misses you.
You see here a +0 dagger.
You scratch the goblin.
You kill the goblin!
Trog accepts your kill. The goblin misses you.
Robin roars a battlecry!
The goblins go into a battle-frenzy!
Items here: ) ††† a +1 dagger of draining; a goblin corpse x3
You closely miss the goblin. The goblin barely misses you.
You closely miss the goblin. You bite the goblin, but do no damage.
The goblin hits you but does no damage. The goblin completely misses you.
The goblin closely misses you. The goblin hits you.
You die...

## ##...###.## ...
#.........# #..
#......)..##
#.###..........###+##
#...#........#.#.....
#...[......#.# g..
#.........#.# .g.
#.#########.###g#
##.# #@.##g# ###..#
##g##.# #...#######
#g.#g# #.#.......#
##g#)#
#..#.#####.######g..#
... #.# #.......#..#
... ..# #######(#.>#
## #### #.##.# #÷##.#


You could see a hobgoblin and 3 goblins.

Vanquished Creatures
  An ooze (D:1)
  A leopard gecko (D:2)
  2 giant cockroaches (D:1)
  4 hobgoblins
  5 kobolds (D:1)
  2 quokkas (D:2)
  A bat (D:2)
  2 frilled lizards
  8 goblins
  3 rats (D:1)
29 creatures vanquished.

Notes
Turn   | Place    | Note
-------+----------+-------------------------------------------
     0 | D:1      | loki93 the Felid Berserker began the quest for the Orb.
     0 | D:1      | Reached XP level 1. HP: 10/10 MP: 2/2
   131 | D:1      | Reached XP level 2. HP: 14/14 MP: 3/3
   706 | D:2      | Reached ** piety under Trog
   986 | D:2      | Reached XP level 3. HP: 12/17 MP: 4/4
  1007 | D:2      | Noticed Robin
  1031 | D:2      | Slain by a goblin

Action                   || total
-------------------------++-------
Melee: Unarmed           ||    76
       Bite              ||    11
Invok: Berserk           ||     1
  Use: Scroll            ||     1
 Stab: Sleeping          ||     4
  Eat: Chunk             ||     7
Armor: Skin              ||     4
Dodge: Dodged            ||    50
